 Dungeon Crawl Stone Soup version 0.18-a0-1267-gff090c1 (webtiles) character file.

2045 namelastname112 the Archer (level 9, -4/75 HPs)
             Began as a White Draconian Hunter on Feb 7, 2016.
             Was an Initiate of Gozag.
             Hit by a tomahawk thrown by an orc (5 damage)
             ... on level 7 of the Dungeon.
             The game lasted 00:09:37 (8154 turns).

namelastname112 the Archer (White Draconian Hunter) Turns: 8154, Time: 00:09:37

Health: -4/75      AC:  9    Str: 15    XL:     9   Next: 4%
Magic:  9/9        EV: 14    Int: 12    God:    Gozag
Gold:   497        SH:  0    Dex: 14    Spells: 0 memorised, 8 levels left

rFire  . . .     SeeInvis +     q - +0 quarterstaff
rCold  + . .     Gourm    .     (armour unavailable)
rNeg   . . .     Faith    .     (shield currently unavailable)
rPois  .         Spirit   .     (helmet restricted)
rElec  .         Dismiss  .     w - +0 cloak
rCorr  .         Reflect  .     r - +0 pair of gloves
SustAt .         Harm     +     (no boots)
MR     .....     Rnd*Tele +     v - amulet of harm
Stlth  +.........               x - ring of teleportation (curse)
                                s - ring of see invisible

@: short of breath, gold aura, drained, not resistant to hostile enchantments,
very unstealthy
A: breathe frost, unfitting armour, cold resistance 1, cold-blooded, AC +7
a: Breathe Frost, Potion Petition, Call Merchant, Bribe Branch, Renounce
Religion


You were on level 7 of the Dungeon.
You worshipped Gozag.
Gozag was noncommittal.
You were not hungry.

You visited 2 branches of the dungeon, and saw 8 of its levels.

You collected 560 gold pieces.
You paid 63 gold pieces to Gozag.

Inventory:

Hand Weapons
 a - a +1 shortbow
 q - a +0 quarterstaff (weapon)
Missiles
 c - 54 arrows
 f - 18 arrows of flame
Armour
 r - a +0 pair of gloves (worn)
 w - a +0 cloak (worn)
Jewellery
 s - a ring of see invisible (left hand)
 v - an amulet of harm (around neck)
 x - a cursed ring of teleportation (right hand)
 y - an uncursed ring of magical power
Scrolls
 b - 2 scrolls of recharging {unknown}
 e - 2 scrolls of magic mapping {unknown}
 g - 5 scrolls of enchant weapon {unknown}
 i - a scroll of immolation {unknown}
 j - 2 scrolls of teleportation {unknown}
 k - 3 scrolls of remove curse {unknown}
 l - 10 scrolls of identify {unknown}
 m - a scroll of noise {unknown}
 n - 3 scrolls of amnesia {unknown}
 o - 2 scrolls of random uselessness {unknown}
 p - a scroll of blinking {unknown}
 u - a scroll of fear {unknown}
Potions
 h - 2 potions of heal wounds
 t - a potion of curing {unknown}
 z - a potion of mutation {unknown}
 A - a potion of agility
Comestibles
 d - a bread ration


   Skills:
 + Level 6.1(5.4) Fighting
 + Level 4.8(4.1) Staves
 * Level 8.0(7.3) Bows
 + Level 5.0(4.4) Dodging
 - Level 0.8(0.3) Stealth


You had 8 spell levels left.
You didn't know any spells.

Dungeon Overview and Level Annotations

Branches:
Dungeon (7/15)             Temple (1/1) D:5

Altars:
Ashenzari
Cheibriados
Dithmenos
Elyvilon
Fedhas
Gozag
Kikubaaqudgha
Makhleb
Nemelex Xobeh
Okawaru
Pakellas
Qazlal
Ru
Sif Muna
Trog
Xom
Yredelemnul
Zin
The Shining One

Shops:
D:4 (


Innate Abilities, Weirdness & Mutations

You can breathe waves of freezing cold.
You can buffet flying creatures when you breathe cold.
Your icy white scales are hard (AC +7).
Your body does not fit into most forms of armour.
Your flesh is cold resistant.
You are cold-blooded and may be slowed by cold attacks.


Message History

The orc wizard is moderately wounded.
The orc throws a tomahawk.
The tomahawk hits you but does no damage.
The orc wizard hits you but does no damage.
You sock the orc wizard!
You kill the orc wizard!
The orc barely misses you.
You hit the orc but do no damage. The orc closely misses you.
You hit the orc but do no damage. The orc hits you but does no damage.
You sock the orc!
You kill the orc!
The orc throws a tomahawk.
The tomahawk hits you.
* * * LOW HITPOINT WARNING * * *
Press: ? - help, Shift-Dir - straight line, f - orc
Aim: an orc, wielding a dagger of draining and wearing a chain mail You exhale a wave of freezing cold.
The freezing breath misses the orc.
You feel somewhat more hungry.
The orc throws a tomahawk.
The tomahawk hits you.
You die...
Your body crumbles into a pile of gold.

#............... #.$...#
#[#... # ##..##$.##.##...
#. ...## #.# ....
.###.##.## ......#
........# ......# #.##..##
......# #.##..$### ......#
#.#...@$o#
...>..#####.#.####$##
.......##.....# #..#
.......##...### #..o....#
...........#.....[.###...#
####........<....... ...
##.....#.....##### ..
###...........## .
.....#.####.###


You could see an orc.

Vanquished Creatures
  A sky beast (D:6)
  An orc warrior (D:7)
  An ice beast (D:5)
  The ghost of namelastname112 the Shooter, an amateur DrHu (D:3)
  3 ogres
  2 phantoms (D:5)
  2 giant frogs
  3 scorpions
  5 wights
  A centaur zombie (D:5)
  3 crimson imps
  4 hounds
  A giant frog skeleton (D:5)
  Jessica (D:3)
  2 iguanas
  An orc wizard (D:7)
  3 worker ants
  A killer bee zombie (D:6)
  2 hound zombies
  A hound skeleton (D:6)
  7 gnolls
  7 adders
  2 shadow imps
  An ooze (D:3)
  2 adder skeletons (D:4)
  3 adder zombies
  5 worms
  3 giant geckos
  9 orcs
  3 giant cockroaches
  8 goblins
  8 hobgoblins
  6 jackals
  9 quokkas
  9 bats
  2 giant gecko skeletons
  3 giant newts
  A jackal zombie (D:6)
  5 kobolds
  A quokka skeleton (D:6)
  2 quokka zombies
  8 rats
143 creatures vanquished.

Notes
Turn   | Place    | Note
--------------------------------------------------------------
     0 | D:1      | namelastname112 the Draconian Hunter began the quest for the Orb.
     0 | D:1      | Reached XP level 1. HP: 17/17 MP: 1/1
   630 | D:1      | Reached XP level 2. HP: 22/24 MP: 2/2
  1144 | D:2      | Reached skill level 4 in Bows
  1633 | D:2      | Reached XP level 3. HP: 20/30 MP: 3/3
  2147 | D:2      | Found a glowing golden altar of the Shining One.
  2356 | D:3      | Noticed Jessica
  2367 | D:3      | Killed Jessica
  2367 | D:3      | Reached XP level 4. HP: 30/37 MP: 4/4
  2416 | D:3      | Found a shadowy altar of Dithmenos.
  2644 | D:3      | Found a glowing silver altar of Zin.
  2645 | D:3      | Noticed namelastname112's ghost (amateur DrHu)
  2648 | D:3      | Reached skill level 1 in Staves
  2745 | D:3      | Killed namelastname112's ghost
  2745 | D:3      | Reached skill level 5 in Bows
  2745 | D:3      | Reached XP level 5. HP: 34/45 MP: 5/5
  3092 | D:3      | Found a white marble altar of Elyvilon.
  3265 | D:4      | Reached XP level 6. HP: 11/51 MP: 6/6
  4024 | D:4      | Found Koruj's Weapon Boutique.
  4072 | D:4      | Found an iron altar of Okawaru.
  4444 | D:5      | Entered Level 5 of the Dungeon
  4587 | D:5      | Reached skill level 6 in Bows
  4587 | D:5      | Reached XP level 7. HP: 40/59 MP: 7/7
  4587 | D:5      | Your scales start taking on an icy white colour.
  4587 | D:5      | Gained mutation: Your flesh is cold resistant. [White Draconian growth]
  5093 | D:5      | Found a staircase to the Ecumenical Temple.
  5139 | Temple   | Entered the Ecumenical Temple
  5156 | Temple   | Became a worshipper of Gozag Ym Sagoz the Greedy
  5446 | D:5      | Reached skill level 5 in Fighting
  5446 | D:5      | Reached XP level 8. HP: 66/68 MP: 8/8
  5699 | D:5      | Reached skill level 7 in Bows
  7994 | D:7      | Reached skill level 5 in Dodging
  8147 | D:7      | Reached skill level 8 in Bows
  8147 | D:7      | Reached XP level 9. HP: 10/75 MP: 9/9
  8153 | D:7      | HP: 1/75 [orc/tomahawk (5)]
  8154 | D:7      | Hit by a tomahawk thrown by an orc

Vault maps used:
D:1:      dpeg_arrival_pits, minivault_24
D:2:      nicolae_tso_swordbearing_angel
D:3:      lemuel_crystal_altar, lemuel_doored_altar,
          nicolae_dithmenos_shadow_blocks, uniq_jessica
D:4:      nicolae_overflow_hidden_temple, serial_shops, shop_statue,
          okawaru_metal_pillars_1_2
D:5:      temple_doors_e, first_bread
D:6:      hangedman_decor_peaks_small
Temple:   lightli_temple_of_artemis

Action                   |  1- 3 |  4- 6 |  7- 9 || total
-------------------------+-------+-------+-------++-------
Melee: Short sword       |   136 |       |       ||   136
       Quarterstaff      |    23 |   135 |   318 ||   476
 Fire: Shortbow          |    12 |    39 |    17 ||    68
 Abil: Breathe Frost     |       |       |     4 ||     4
  Use: Potion            |       |     7 |       ||     7
 Stab: Sleeping          |     4 |     1 |     2 ||     7
  Eat: Bread ration      |     1 |       |     2 ||     3
       Chunk             |       |     7 |     2 ||     9
       Beef jerky        |       |       |     1 ||     1
       Pizza             |       |       |     1 ||     1
